 Dungeon Crawl Stone Soup version 0.31-a0-1363-g282adc679d (webtiles) character file.

Game seed: 17500696997903456302

179 James the Nimble (level 5, 0/21 (37) HPs)
             Began as a Gnoll Wanderer on Dec 23, 2023.
             Slain by a kobold brigand
             ... wielding a +2 dagger of draining
              (5 damage)
             ... on level 3 of the Dungeon.
             The game lasted 00:10:38 (3384 turns).

James the Nimble (Gnoll Wanderer)                   Turns: 3384, Time: 00:10:39

HP:   0/21 (37)     AC:  7    Str:  8    XL:     5   Next: 59%
MP:   12/12         EV: 16    Int: 11    God:
Gold: 155           SH:  0    Dex: 17    Spells: 13/14 levels left

rFire   . . .        a - +1 dagger (speed)
rCold   . . .        (no shield)
rNeg    . . .        d - +2 leather armour
rPois   .            (no helmet)
rElec   .            x - +1 cloak
rCorr   .            (no gloves)
SInv    .            (no boots)
Will    .....        (no amulet)
Stlth   ++           (no ring)
HPRegen 0.23/turn    (no ring)
MPRegen 0.13/turn

%: no passive effects
@: hasted, very heavily drained, very quick
A: fangs 1, strong nose, distributed training
a: no special abilities


You were on level 3 of the Dungeon.
You visited 1 branch of the dungeon, and saw 3 of its levels.

You collected 155 gold pieces.

Inventory:

Hand Weapons
 a - a +1 dagger of speed (weapon)
   (You took it off a kobold brigand on level 3 of the Dungeon)
 o - a +0 dagger
 D - a +1 heavy war axe
   (You found it on level 3 of the Dungeon)
 I - a +0 short sword
   (You found it on level 1 of the Dungeon)
Missiles
 t - 11 stones
 J - 5 curare-tipped darts {!f}
Armour
 b - a +0 buckler
 d - a +2 leather armour (worn)
 f - a +0 robe
   (You found it on level 1 of the Dungeon)
 g - a +0 robe
   (You found it on level 1 of the Dungeon)
 i - a +0 plate armour
   (You found it on level 1 of the Dungeon)
 p - a +0 robe
   (You found it on level 1 of the Dungeon)
 r - a +0 leather armour
   (You found it on level 1 of the Dungeon)
 s - a +0 robe
   (You found it on level 1 of the Dungeon)
 v - a +0 scale mail
   (You found it on level 2 of the Dungeon)
 w - a +0 ring mail
   (You found it on level 2 of the Dungeon)
 x - a +1 cloak (worn)
   (You found it on level 2 of the Dungeon)
 A - a +0 robe
   (You found it on level 3 of the Dungeon)
 C - a +0 leather armour
   (You took it off an orc on level 3 of the Dungeon)
 E - a +0 ring mail
   (You took it off an orc on level 3 of the Dungeon)
 F - a +0 chain mail
   (You took it off an orc on level 3 of the Dungeon)
 G - a +0 scale mail
   (You found it on level 3 of the Dungeon)
 H - a +0 chain mail
   (You took it off a kobold on level 3 of the Dungeon)
Scrolls
 c - a scroll of teleportation {@r4}
 j - a scroll of acquirement {unknown}
 l - a scroll of revelation {unknown}
 y - a scroll of immolation {unknown}
 z - 2 scrolls of identify {unknown}
Potions
 e - a potion of resistance {unknown}
 k - a potion of attraction {!q}
 n - a potion of lignification {unknown}
 q - a potion of brilliance {unknown}
 u - a potion of curing {unknown}
 B - a potion of degeneration {unknown}


   Skills:
 + Level 1.6 Fighting
 + Level 1.6 Short Blades
 + Level 1.6 Long Blades
 + Level 1.6 Axes
 + Level 1.6 Maces & Flails
 + Level 1.6 Polearms
 + Level 1.6 Staves
 + Level 1.6 Ranged Weapons
 + Level 1.6 Throwing
 + Level 1.6 Armour
 + Level 8.7 Dodging
 + Level 2.8 Stealth
 + Level 4.8 Shields
 + Level 1.6 Unarmed Combat
 + Level 5.2 Spellcasting
 + Level 1.3 Conjurations
 + Level 1.3 Hexes
 + Level 1.3 Summonings
 + Level 1.3 Necromancy
 + Level 1.3 Translocations
 + Level 1.3 Fire Magic
 + Level 1.3 Ice Magic
 + Level 2.4 Air Magic
 + Level 1.3 Earth Magic
 + Level 1.3 Alchemy
 + Level 1.8 Invocations
 + Level 1.6 Evocations
 + Level 1.4 Shapeshifting


You had 13 spell levels left.
You knew the following spells:

 Your Spells              Type           Power      Damage    Failure   Level
a - Shock                 Conj/Air       28%        1d4       14%         1

Your spell library contained the following spells:

 Spells                   Type           Power      Damage    Failure   Level
 Lesser Beckoning         Tloc           10%        N/A       26%         2
 Mephitic Cloud           Conj/Alch/Air  6%         N/A       41%         3
 Gell's Gravitas          Tloc           5%         N/A       45%         3
 Teleport Other           Tloc           5%         N/A       45%         3


Dungeon Overview and Level Annotations

Branches:
Dungeon (3/15)

Altars:
Cheibriados
Xom

Shops:
D:1 (   D:2 =

Annotations:
D:3 Terence


Innate Abilities, Weirdness & Mutations

You have very sharp teeth.
Your uncanny sense of smell can sniff out nearby items.
Your experience applies equally to all skills.


Message History

Unknown command.
You feel much better.
The kobold brigand hits you with a +2 dagger of draining.
You feel drained.
Unknown command.
You hit the kobold brigand but do no damage.
The kobold brigand misses you.
You hit the kobold brigand but do no damage.
The kobold brigand hits you with a +2 dagger of draining.
You feel drained.
You barely miss the kobold brigand.
You bite the kobold brigand, but do no damage.
The kobold brigand hits you with a +2 dagger of draining.
You feel drained.
You hit the kobold brigand. The kobold brigand closely misses you.
You hit the kobold brigand but do no damage.
You bite the kobold brigand, but do no damage.
You feel yourself speed up.
The kobold brigand hits you with a +2 dagger of draining.
You feel drained.
You closely miss the kobold brigand. The kobold brigand barely misses you.
You closely miss the kobold brigand. You barely miss the kobold brigand.
The kobold brigand closely misses you.
You hit the kobold brigand but do no damage.
The kobold brigand completely misses you.
You hit the kobold brigand. You hit the kobold brigand.
The kobold brigand hits you but does no damage.
You feel drained.
You closely miss the kobold brigand.
You bite the kobold brigand, but do no damage.
You miss the kobold brigand.
The kobold brigand hits you with a +2 dagger of draining.
You feel drained.
* * * LOW HITPOINT WARNING * * *
You barely miss the kobold brigand. The kobold brigand closely misses you.
You hit the kobold brigand. You barely miss the kobold brigand.
The kobold brigand misses you.
You hit the kobold brigand but do no damage.
You barely miss the kobold brigand.
You bite the kobold brigand, but do no damage.
The kobold brigand hits you with a +2 dagger of draining.
* * * LOW HITPOINT WARNING * * *
You feel drained.
* * * LOW HITPOINT WARNING * * *
Okay, then.
Unknown command.
You feel yourself speed up.
The kobold brigand hits you with a +2 dagger of draining.
You die...

...#...............#.#.#
...#.............#.#.#.#
####..........<..#.#.#.#
#########......###.#.#.#
#~~~########.......#.#)# ~~~~~~~
#######.#.#.##########
≈~≈~≈~######...###.#............#
#≈≈≈###..........#####.#######.##
#####.......###.@K...#.......#.#
.......######≈###...!#.#.....#.#
.....###~~~~≈≈≈≈######.......#.#
######....~~~~~~~~# #..#####.#.#
)..........~~~~~#####..# #.#.#
#######.......######...# #.#.#
#...........##.......# #.#.#
#.....#.....##.###.#######.#.#
#.....#......#.###.........#.#


You could see a kobold brigand.

Vanquished Creatures
  A kobold brigand (D:3)
  3 adders
  A worm (D:2)
  A dart slug (D:2)
  5 orcs (D:3)
  5 ball pythons
  6 endoplasms
  A giant cockroach (D:1)
  9 goblins
  7 hobgoblins
  4 jackals (D:2)
  A quokka (D:1)
  7 bats
  11 kobolds
  5 rats
67 creatures vanquished.

Notes
Turn   | Place    | Note
-------+----------+-------------------------------------------
     0 | D:1      | James the Gnoll Wanderer began the quest for the Orb.
     0 | D:1      | James set off with the following items: a +0 dagger, a +0
                  | buckler, a scroll of teleportation {@r4}, a +2 leather
                  | armour; and the following spell memorised: Shock; and the
                  | following spells available to memorise: Mephitic Cloud.
     0 | D:1      | Reached XP level 1. HP: 13/13 MP: 6/6
   136 | D:1      | Reached XP level 2. HP: 17/19 MP: 7/7
   560 | D:1      | Reached skill level 5 in Spellcasting
   560 | D:1      | Reached XP level 3. HP: 25/25 MP: 7/9
  1169 | D:1      | Found Tileih's Weapon Boutique.
  1375 | D:2      | Reached skill level 1 in Invocations
  1524 | D:2      | Reached skill level 1 in Fighting
  1524 | D:2      | Reached skill level 1 in Short Blades
  1524 | D:2      | Reached skill level 1 in Long Blades
  1524 | D:2      | Reached skill level 1 in Axes
  1524 | D:2      | Reached skill level 1 in Maces & Flails
  1524 | D:2      | Reached skill level 1 in Polearms
  1524 | D:2      | Reached skill level 1 in Staves
  1524 | D:2      | Reached skill level 1 in Ranged Weapons
  1524 | D:2      | Reached skill level 1 in Throwing
  1524 | D:2      | Reached skill level 1 in Armour
  1524 | D:2      | Reached skill level 1 in Unarmed Combat
  1524 | D:2      | Reached skill level 1 in Evocations
  1716 | D:2      | Found Soihugg's Jewellery Shoppe.
  1735 | D:2      | Reached skill level 1 in Shapeshifting
  1735 | D:2      | Reached XP level 4. HP: 22/32 MP: 8/11
  2179 | D:3      | Found a shimmering altar of Xom.
  2185 | D:3      | Noticed Terence
  2396 | D:3      | Reached skill level 1 in Conjurations
  2396 | D:3      | Reached skill level 1 in Hexes
  2396 | D:3      | Reached skill level 1 in Summonings
  2396 | D:3      | Reached skill level 1 in Necromancy
  2396 | D:3      | Reached skill level 1 in Translocations
  2396 | D:3      | Reached skill level 1 in Fire Magic
  2396 | D:3      | Reached skill level 1 in Ice Magic
  2396 | D:3      | Reached skill level 1 in Earth Magic
  2396 | D:3      | Reached skill level 1 in Alchemy
  2642 | D:3      | Found a snail-covered altar of Cheibriados.
  3068 | D:3      | Noticed a kobold brigand
  3107 | D:3      | Killed a kobold brigand
  3108 | D:3      | Reached XP level 5. HP: 23/37 MP: 12/12
  3346 | D:3      | Noticed a kobold brigand
  3384 | D:3      | Slain by a kobold brigand

Illustrated notes

Levels and vault maps discovered:
D:1:      psy_arrival_fountain, layout_basic, serial_shops, shop
D:2:      layout_loops_cross, serial_shops, shop
D:3:      cheibrodos_thug_alley, layout_basic, mainiacjoe_overflow_boulevard,
          nicolae_overflow_crystal_walls, uniq_terence

Skill      XL: |  1  2  3  4 |
---------------+-------------+-----
Air Magic      | 2 |  2.4
Spellcasting   | 5 |  5.2
Invocations    | 1 |  1.8
Fighting       | 1 |  1.6
Short Blades   | 1 |  1.6
Long Blades    | 1 |  1.6
Axes           | 1 |  1.6
Maces & Flails | 1 |  1.6
Polearms       | 1 |  1.6
Staves         | 1 |  1.6
Ranged Weapons | 1 |  1.6
Throwing       | 1 |  1.6
Armour         | 1 |  1.6
Unarmed Combat | 1 |  1.6
Evocations     | 1 |  1.6
Shapeshifting  | 1 |  1.4
Conjurations   | 1 |  1.3
Hexes          | 1 |  1.3
Summonings     | 1 |  1.3
Necromancy     | 1 |  1.3
Translocations | 1 |  1.3
Fire Magic     | 1 |  1.3
Ice Magic      | 1 |  1.3
Earth Magic    | 1 |  1.3
Alchemy        | 1 |  1.3
Dodging        | |  8.7
Stealth        | |  2.8
Shields        | |  4.8

Action                     |  1- 3 |  4- 6 || total
---------------------------+-------+-------++-------
  Melee: Dagger            |   142 |    69 ||   211
         Bite              |    18 |    20 ||    38
         Punch             |     1 |     4 ||     5
         Short sword       |       |   159 ||   159
   Cast: Shock             |     7 |    10 ||    17
    Use: Potion            |       |     5 ||     5
         Scroll            |       |     1 ||     1
   Stab: Sleeping          |     6 |     2 ||     8
         Distracted        |       |     1 ||     1
 Armour: Leather armour    |    53 |    98 ||   151
  Dodge: Dodged            |    98 |   157 ||   255
  Block: Buckler           |     9 |       ||     9

Table legend: (Time is in decaauts)
 A = Elapsed time spent in this place.
 B = Non-inter-level travel time spent in this place.
 C = Inter-level travel time spent in this place.
 D = Time resting spent in this place.
 E = Time spent auto-exploring this place.
 F = Levels seen in this place.
 G = Mean time per level.
                   A        B        C        D        E       F      G
               +--------+--------+--------+--------+--------+-----+--------+
         Total |   3352 |   3140 |    212 |    165 |   1892 |   3 | 1117.3 |
       Dungeon |   3352 |   3140 |    212 |    165 |   1892 |   3 | 1117.3 |
               +--------+--------+--------+--------+--------+-----+--------+

Top non-repeatable levels by time:
     D:1: 1355 daAuts
     D:3: 1230 daAuts
     D:2: 766 daAuts
